 Dungeon Crawl Stone Soup version 0.32-a0-921-g04a7ad8e02 (webtiles) character file.

Game seed: 18140786404806096902

20076 Kasuyi the Severer (level 12, -2/116 HPs)
             Began as a Minotaur Berserker on Apr 12, 2024.
             Was a High Priest of Trog.
             Slain by a 13-headed hydra (7 damage)
             ... on level 13 of the Dungeon.
             The game lasted 00:12:55 (10825 turns).

Kasuyi the Severer (Minotaur Berserker)            Turns: 10825, Time: 00:12:56

Health: -2/116     AC: 15    Str: 28    XL:     12   Next: 42%
Magic:  11/11      EV:  6    Int:  4    God:    Trog [*****.]
Gold:   665        SH:  8    Dex:  9    Spells: 11/11 levels left

rFire   + . .        a - +5 broad axe
rCold   . . .        i - +2 buckler
rNeg    . . .        R - +0 plate armour {rF+}
rPois   .            F - +0 hat
rElec   .            O - +2 cloak
rCorr   .            x - +0 pair of gloves
SInv    .            (no boots)
Will    +....        H - amulet of regeneration Stlth
                     r - ring of willpower
HPRegen 1.19/turn    (no ring)
MPRegen 0.12/turn

%: no passive effects
@: no status effects
A: horns 2, retaliatory headbutt
a: Renounce Religion, Berserk, Trog's Hand, Brothers in Arms


You were on level 13 of the Dungeon.
You worshipped Trog.
Trog was extremely pleased with you.
You visited 2 branches of the dungeon, and saw 14 of its levels.

You collected 717 gold pieces.
You spent 52 gold pieces at shops.

Inventory:

Hand Weapons
 a - a +5 broad axe (weapon)
 I - a +0 battleaxe
Missiles
 y - 2 throwing nets (quivered)
Armour
 i - a +2 buckler (worn)
 x - a +0 pair of gloves (worn)
 B - a scarf of repulsion
 F - a +0 hat (worn)
 O - a +2 cloak (worn)
 R - a +0 plate armour of fire resistance (worn)
Jewellery
 r - a ring of willpower (left hand)
 H - an amulet of regeneration (around neck)
 S - a ring of protection from fire
Wands
 g - a wand of iceblast (9)
 E - a wand of mindburst (20)
 M - a wand of flame (17)
 N - a wand of light (3)
Scrolls
 b - 2 scrolls of noise {unknown}
 c - a scroll of torment {unknown}
 d - a scroll of vulnerability {unknown}
 f - 2 scrolls of teleportation {unknown}
 l - a scroll of silence {unknown}
 m - 6 scrolls of fog
 p - 2 scrolls of poison {unknown}
 q - a scroll of amnesia {unknown}
 u - 3 scrolls of revelation {unknown}
 w - a scroll of brand weapon {unknown}
 A - 3 scrolls of enchant armour {unknown}
 J - 3 scrolls of identify
 K - a scroll of enchant weapon {unknown}
 L - a scroll of summoning {unknown}
 Q - a scroll of blinking {unknown}
Potions
 e - 2 potions of berserk rage {unknown}
 h - 5 potions of might
 j - a potion of ambrosia {unknown}
 k - 5 potions of mutation
 n - a potion of magic {unknown}
 o - 7 potions of curing
 s - 4 potions of enlightenment
 t - a potion of cancellation {unknown}
 v - a potion of degeneration {unknown}
 z - 2 potions of brilliance {unknown}
 C - 2 potions of invisibility {unknown}
 D - 2 potions of heal wounds
 G - 2 potions of attraction {unknown}


   Skills:
 + Level 13.9 Fighting
 + Level 17.3 Axes
 - Level 2.4 Armour
 - Level 2.1 Dodging
 + Level 11.5 Shields
 + Level 0.4 Evocations


You had 11 spell levels left.
You didn't know any spells.
Your spell library contained the following spells:

 Spells                   Type           Power      Damage    Failure   Level
 Dazzling Flash           Conj/Hex       0%         N/A       100%        3
 Starburst                Conj/Fire      0%         6d3       100%        6
 Maxwell's Capacitive Co  Air            0%         ∞         100%        8


Dungeon Overview and Level Annotations

Branches:
Dungeon (14/15)            Temple (1/1) D:7            Lair (0/5) D:8
    Orc: D:9-12      Vaults: D:13-14

Altars:
Ashenzari
Cheibriados
Dithmenos
Elyvilon
Fedhas
Gozag
Hepliaklqana
Kikubaaqudgha
Makhleb
Nemelex Xobeh
Okawaru
Qazlal
Ru
Sif Muna
Trog
Uskayaw
Vehumet
Wu Jian
Xom
Yredelemnul
Zin
The Shining One

Shops:
D:4 ?


Innate Abilities, Weirdness & Mutations

You have a pair of horns on your head.
You reflexively headbutt those who attack you in melee.


Message History

You block the nine-headed hydra's attack.
The nine-headed hydra bites you but does no damage.
You block the nine-headed hydra's attack.
The nine-headed hydra bites you but does no damage. x2
The nine-headed hydra bites you.
The nine-headed hydra bites you but does no damage.
The nine-headed hydra bites you! The nine-headed hydra bites you.
You chop one of the nine-headed hydra's heads off!
The eight-headed hydra grows two more!
You slash the ten-headed hydra!
The ten-headed hydra is severely wounded.
You block the ten-headed hydra's attack. x2
The ten-headed hydra bites you.
The ten-headed hydra bites you but does no damage.
The ten-headed hydra closely misses you.
The ten-headed hydra barely misses you.
The ten-headed hydra bites you but does no damage.
The ten-headed hydra barely misses you.
The ten-headed hydra closely misses you.
The ten-headed hydra bites you but does no damage.
You lop one of the ten-headed hydra's heads off!
The nine-headed hydra grows two more!
You slice the 11-headed hydra!!
The 11-headed hydra is almost dead.
You hack one of the 11-headed hydra's heads off!
The ten-headed hydra grows two more!
You slash the 12-headed hydra!
The 12-headed hydra is severely wounded.
You block the 12-headed hydra's attack. x2; The 12-headed hydra bites you! x4
* * * LOW HITPOINT WARNING * * *
The 12-headed hydra bites you.
* * * LOW HITPOINT WARNING * * *
The 12-headed hydra bites you but does no damage.
The 12-headed hydra bites you!
* * * LOW HITPOINT WARNING * * *
The 12-headed hydra barely misses you.
The 12-headed hydra bites you but does no damage. x2
You slice one of the 12-headed hydra's heads off!
The 11-headed hydra grows two more!
You slice the 13-headed hydra!!
The 13-headed hydra is almost dead.
The 13-headed hydra bites you but does no damage.
The 13-headed hydra bites you!
You die...

########## #.........
######### ####.........
#......<# #..'.........
.#.......###.##........>
......D@.....##.........
##.......###############
######.## #.. ##. .#
#####+#### .#
##......... .#
#.......... #.)).......


You could see a 13-headed hydra.

Vanquished Creatures
  Josephine (D:13)
  An entropy weaver (shapeshifter) (D:14)
  A hydra (D:13)
  3 centaur warriors (D:14)
  2 boulder beetles
  3 two-headed ogres
  Urug (D:13)
  A necromancer (D:13)
  Maurice (D:8)
  A cyclops (D:14)
  3 meliai (D:14)
  A gargoyle (D:10)
  Maggie (D:10)
  A kobold demonologist (D:13)
  An unseen horror (D:13)
  5 trolls
  A tengu conjurer (D:14)
  Prince Ribbit (D:8)
  A centaur simulacrum (D:14)
  3 slime creatures (D:13)
  A wyvern (D:10)
  3 shadows
  6 wraiths
  A yak (D:10)
  2 steam dragons
  An acid dragon (D:9)
  2 water moccasins (D:5)
  6 orc warriors
  An ice beast (D:7)
  A sky beast (Temple)
  2 black bears
  An ogre (D:6)
  2 laughing skulls (D:13)
  9 centaurs
  3 wolves (D:8)
  A kobold brigand (D:9)
  3 phantoms
  5 bullfrogs
  A gnoll sergeant (D:10)
  A scorpion (D:5)
  7 wights
  9 killer bees
  5 electric eels
  A lava snake (D:9)
  A bombardier beetle (D:4)
  9 hounds
  8 orc priests
  A jelly (D:6)
  3 gnoll boudas
  2 sleepcaps
  4 iguanas
  10 orc wizards
  4 adders
  24 gnolls
  3 shadow imps
  5 dart slugs
  41 orcs
  3 bats
  10 endoplasms
  5 giant cockroaches
  3 goblins
  13 hobgoblins
  8 jackals
  4 quokkas
  12 ball pythons
  3 frilled lizards
  13 kobolds
  3 rats
299 creatures vanquished.

Vanquished Creatures (others)
  An orc wizard (D:5)
1 creature vanquished.

Grand Total: 300 creatures vanquished

Notes
Turn   | Place    | Note
-------+----------+-------------------------------------------
     0 | D:1      | Kasuyi the Minotaur Berserker began the quest for the Orb.
     0 | D:1      | Reached XP level 1. HP: 19/19 MP: 0/0
   369 | D:1      | Reached skill level 4 in Axes
   382 | D:1      | Reached XP level 2. HP: 27/27 MP: 1/1
  1098 | D:2      | Reached ** piety under Trog
  1099 | D:2      | Reached XP level 3. HP: 33/33 MP: 2/2
  1482 | D:2      | Reached skill level 5 in Axes
  1724 | D:3      | Reached XP level 4. HP: 30/41 MP: 3/3
  2169 | D:3      | Reached skill level 1 in Shields
  2175 | D:3      | Reached skill level 6 in Axes
  2324 | D:3      | Reached XP level 5. HP: 47/47 MP: 4/4
  2369 | D:4      | Reached *** piety under Trog
  2414 | D:4      | Noticed a black bear
  2421 | D:4      | Killed a black bear
  2422 | D:4      | Reached skill level 5 in Fighting
  2423 | D:4      | Reached skill level 7 in Axes
  2423 | D:4      | Reached XP level 6. HP: 56/56 MP: 5/5
  2771 | D:4      | HP: 2/56 [burnt (2)]
  3025 | D:4      | Found Pamull's Magic Scroll Shop.
  3029 | D:4      | Bought 2 scrolls of identify for 52 gold pieces
  3416 | D:5      | Entered Level 5 of the Dungeon
  3432 | D:5      | Reached skill level 8 in Axes
  3432 | D:5      | Reached XP level 7. HP: 53/62 MP: 6/6
  3895 | D:5      | Reached skill level 9 in Axes
  4160 | D:5      | Reached XP level 8. HP: 67/71 MP: 7/7
  4343 | D:5      | Reached **** piety under Trog
  4541 | D:6      | Reached skill level 10 in Axes
  5078 | D:6      | Reached skill level 11 in Axes
  5505 | D:7      | Found a staircase to the Ecumenical Temple.
  5523 | D:7      | Reached XP level 9. HP: 81/81 MP: 8/8
  5537 | Temple   | Entered the Ecumenical Temple
  5727 | D:7      | Reached skill level 5 in Shields
  5755 | D:7      | Reached skill level 12 in Axes
  5978 | D:7      | Reached ***** piety under Trog
  6302 | D:7      | Found a glowing golden altar of the Shining One.
  6302 | D:7      | Found an ancient bone altar of Kikubaaqudgha.
  6462 | D:8      | Noticed a troll
  6488 | D:7      | Killed a troll
  6544 | D:8      | Found a staircase to the Lair.
  6557 | D:8      | Reached skill level 13 in Axes
  6780 | D:8      | Reached XP level 10. HP: 88/91 MP: 9/9
  7245 | D:8      | Noticed Maurice
  7264 | D:8      | Maurice stole 2 throwing nets
  7265 | D:8      | Maurice stole a +0 battleaxe
  7268 | D:8      | Something stole 454 gold
  7281 | D:8      | Killed Maurice
  7429 | D:8      | Noticed Prince Ribbit
  7436 | D:8      | Killed Prince Ribbit
  7687 | D:9      | Reached skill level 10 in Fighting
  7728 | D:9      | Received a gift from Trog
  7852 | D:9      | Reached skill level 14 in Axes
  8467 | D:10     | Entered Level 10 of the Dungeon
  8476 | D:10     | Noticed a two-headed ogre
  8486 | D:10     | Killed a two-headed ogre
  8529 | D:10     | Noticed a boulder beetle
  8553 | D:10     | Killed a boulder beetle
  8859 | D:10     | Noticed Maggie
  8872 | D:10     | Killed Maggie
  8873 | D:10     | Reached skill level 15 in Axes
  8873 | D:10     | Reached XP level 11. HP: 95/97 MP: 10/10
  9446 | D:11     | You fall into a shaft and drop 3 floors!
  9456 | D:14     | Noticed a centaur warrior
  9470 | D:14     | Killed a centaur warrior
  9541 | D:14     | a black mamba changed into an entropy weaver
  9541 | D:14     | Noticed an entropy weaver (shapeshifter)
  9547 | D:14     | Killed an entropy weaver
  9567 | D:14     | Noticed a centaur warrior
  9576 | D:14     | Killed a centaur warrior
  9603 | D:14     | Noticed a boulder beetle
  9626 | D:14     | Killed a boulder beetle
  9743 | D:14     | Reached skill level 16 in Axes
  9806 | D:14     | Noticed a centaur warrior
  9815 | D:14     | Killed a centaur warrior
  9816 | D:14     | Reached skill level 10 in Shields
 10300 | D:13     | Received a gift from Trog
 10387 | D:13     | Noticed a seven-headed hydra
 10395 | D:13     | Killed a nine-headed hydra
 10396 | D:13     | Reached XP level 12. HP: 56/115 MP: 11/11
 10467 | D:13     | Noticed Josephine
 10483 | D:13     | Killed Josephine
 10484 | D:13     | Reached skill level 17 in Axes
 10542 | D:13     | Noticed a two-headed ogre
 10543 | D:13     | Noticed a two-headed ogre
 10552 | D:13     | Killed a two-headed ogre
 10555 | D:13     | Killed a two-headed ogre
 10668 | D:13     | Noticed Urug
 10681 | D:13     | Killed Urug
 10813 | D:13     | Noticed a five-headed hydra
 10824 | D:13     | HP: 4/116 [12-headed hydra (12)]
 10825 | D:13     | Slain by a 13-headed hydra

Illustrated notes

Levels and vault maps discovered:
D:1:      onia_arrival_pentagram, layout_basic
D:2:      layout_loops_cross
D:3:      layout_rooms, serial_aquarium, aquarium_bridge_square
          [aquarium_subvault_wall, aquarium_subvault_bridge,
          aquarium_subvault_bridge, aquarium_subvault_bridge],
          aquarium_window_1, aquarium_window_1, aquarium_view_2g,
          aquarium_balcony_3b, minmay_between
D:4:      layout_cave_pods, serial_shops, nicolae_shop_crystal
D:5:      layout_loops_ring
D:6:      layout_loops_ring, amcnicky_mini_corridor_feature,
          chequers_decorated_corner, nicolae_letterblocks
          [nicolae_letter_subblock, nicolae_letter_subblock,
          nicolae_letter_subblock, nicolae_letter_subblock,
          nicolae_letter_subblock, nicolae_letter_subblock,
          nicolae_letter_subblock, nicolae_letter_subblock,
          nicolae_letter_subblock, nicolae_letter_subblock,
          nicolae_letter_subblock, nicolae_letter_subblock,
          nicolae_letter_subblock, nicolae_letter_subblock,
          nicolae_letter_subblock, nicolae_letter_subblock,
          nicolae_letter_subblock, nicolae_letter_subblock,
          nicolae_letter_subblock, nicolae_letter_subblock,
          nicolae_letter_subblock, nicolae_letter_subblock,
          nicolae_letter_subblock, nicolae_letter_subblock,
          nicolae_letter_subblock]
D:7:      layout_basic, nicolae_overflow_two_pavilions,
          minmay_temple_entry_glass, chequers_serial_rivers_micro_c
D:8:      layout_loops_corners, erik_lair_island, uniq_prince_ribbit1,
          uniq_maurice
D:9:      layout_small_grid, nicolae_lava_and_water, nicolae_elevator_lobby_plus
D:10:     layout_stronghold, kennysheep_decorative_pillar, st_stairs_14,
          uniq_maggie
D:11:     layout_rooms, kennysheep_orc_monster_closet_entryway, uniq_fannar
D:13:     layout_roguey, david_vaults_1, kennysheep_generic_room_14,
          uniq_josephine, uniq_urug
D:14:     layout_loops_ring, kennysheep_doodads
Temple:   mainiacjoe_temple_cubbyholes

Skill      XL: |  1  2  3  4  5  6  7  8  9 10 11 12 |
---------------+-------------------------------------+-----
Axes           | 4 5 6 7 8 9 11 13 15 16 17 | 17.3
Fighting       | 4 5 6 7 9 11 13 | 13.9
Shields        | 1 2 3 4 7 8 10 11 | 11.5
Armour         | |  2.4
Dodging        | |  2.1
Evocations     | |  0.4

Action                     |  1- 3 |  4- 6 |  7- 9 | 10-12 || total
---------------------------+-------+-------+-------+-------++-------
  Melee: Hand axe          |    91 |   138 |   354 |   115 ||   698
         Headbutt          |    12 |    21 |    71 |    79 ||   183
         War axe           |       |       |       |   290 ||   290
         Broad axe         |       |       |       |     9 ||     9
 Invoke: Berserk           |       |     2 |     4 |     4 ||    10
  Evoke: Wand              |       |       |       |     2 ||     2
    Use: Scroll            |       |     2 |     4 |       ||     6
         Potion            |       |       |       |     1 ||     1
 Armour: Animal skin       |     4 |       |       |       ||     4
         Plate armour      |    60 |   113 |   267 |   492 ||   932
  Dodge: Dodged            |    38 |    23 |   109 |   120 ||   290
         Repelled          |       |       |    12 |     6 ||    18
  Block: Buckler           |    11 |    37 |   132 |   156 ||   336

Table legend: (Time is in decaauts)
 A = Elapsed time spent in this place.
 B = Non-inter-level travel time spent in this place.
 C = Inter-level travel time spent in this place.
 D = Time resting spent in this place.
 E = Time spent auto-exploring this place.
 F = Levels seen in this place.
 G = Mean time per level.
                   A        B        C        D        E       F      G
               +--------+--------+--------+--------+--------+-----+--------+
         Total |  10748 |  10398 |    350 |    459 |   8175 |  14 |  767.7 |
       Dungeon |  10585 |  10235 |    350 |    316 |   8175 |  13 |  814.2 |
        Temple |    163 |    163 |      0 |    142 |      0 |   1 |  163.0 |
               +--------+--------+--------+--------+--------+-----+--------+

Top non-repeatable levels by time:
     D:8: 1109 daAuts
     D:5: 1085 daAuts
     D:4: 1066 daAuts
     D:1: 996 daAuts
    D:10: 930 daAuts
     D:6: 920 daAuts
     D:7: 897 daAuts
     D:9: 790 daAuts
    D:14: 770 daAuts
     D:2: 705 daAuts
     D:3: 671 daAuts
    D:13: 612 daAuts
  Temple: 163 daAuts
    D:11: 27 daAuts
